 Dungeon Crawl Stone Soup version 0.29.1-2-gbd0b4ee654 (webtiles) character file.

Game seed: 8489739847735591531

333 Icepheonix32 the Insei (level 6, -1/38 HPs)
             Began as an Octopode Transmuter on Nov 17, 2022.
             Slain by an iguana (7 damage)
             ... on level 6 of the Dungeon.
             The game lasted 00:05:07 (2757 turns).

Icepheonix32 the Insei (Octopode Transmuter)        Turns: 2757, Time: 00:05:07

Health: -1/38      AC:  5    Str: 10 (11) XL:     6   Next: 52%
Magic:  5/10       EV: 13    Int: 12 (15) God:
Gold:   101        SH:  0    Dex: 11 (13) Spells: 4/11 levels left

rFire   . . .      SeeInvis .   h - staff of poison
rCold   . . .      Faith    .   (no shield)
rNeg    . . .      Spirit   .   (helmet restricted)
rPois   +          Reflect  .   (no amulet)
rElec   .          Harm     .   d - +4 ring of protection
rCorr   .          Rampage  .   j - ring of willpower
Will    +....                   (no ring)
Stlth   +++.......              (no ring)
HPRegen 0.12/turn               (no ring)
MPRegen 0.12/turn               (no ring)
                                (no ring)
                                (no ring)

@: mighty, very slightly contaminated
A: almost no armour, amphibious, 8 rings, camouflage 1, gelatinous body 1,
(nimble swimmer 1), tentacles
a: no special abilities


You were on level 6 of the Dungeon.
You visited 1 branch of the dungeon, and saw 4 of its levels.

You collected 101 gold pieces.

Inventory:

Missiles
 n - a throwing net
Armour
 e - an orb of guile
Magical Staves
 h - a staff of poison (weapon)
Jewellery
 d - a +4 ring of protection (left tentacle)
 j - a ring of willpower (right tentacle)
Scrolls
 b - a scroll of vulnerability
 g - a scroll of blinking
 i - 2 scrolls of magic mapping
 m - 2 scrolls of identify
Potions
 a - a potion of cancellation
 c - a potion of flight
 k - a potion of mutation
 l - a potion of magic


   Skills:
 + Level 1.6 Fighting
 + Level 1.0 Staves
 * Level 3.3 Dodging
 + Level 2.3 Stealth
 + Level 4.0 Unarmed Combat
 + Level 3.1 Spellcasting
 * Level 3.3 Transmutations
 * Level 1.9 Poison Magic


You had 4 spell levels left.
You knew the following spells:

 Your Spells              Type           Power      Damage    Failure   Level
a - Beastly Appendage     Tmut           18%        N/A       6%          1
b - Spider Form           Tmut/Pois      12%        N/A       26%         3
c - Ignite Poison         Fire/Tmut/Pois 9%         N/A       34%         3

Your spell library contained the following spells:

 Spells                   Type           Power      Damage    Failure   Level
 Wereblood                Tmut           9%         N/A       10%         2
 Foxfire                  Conj/Fire      4%         2x1d4     24%         1
 Conjure Flame            Conj/Fire      1%         6-21      58%         3
 Inner Flame              Hex/Fire       1%         N/A       58%         3
 Ice Form                 Ice/Tmut       5%         N/A       77%         4
 Flame Wave               Conj/Fire      1%         2d4       94%         4
 Sticky Flame             Conj/Fire      1%         2d3       94%         4
 Blade Hands              Tmut           4%         N/A       86%         5
 Iron Shot                Conj/Erth      0%         9d1       100%        6
 Animate Armour           Summ/Erth      Unusable   N/A       N/A         4

Dungeon Overview and Level Annotations

Branches:
Dungeon (3/15)

Altars:
Okawaru
Sif Muna
Zin
The Shining One

Shops:
D:2 *   D:3 ?


Innate Abilities, Weirdness & Mutations

You cannot wear most types of armour.
You are amphibious.
You can wear up to eight rings at the same time.
Your skin changes colour to match your surroundings (Stealth+).
Your rubbery body absorbs attacks. (AC +1, EV +1)
((You are camouflaged when in or above water. (Stealth+)))
You have tentacles for arms and can constrict up to eight enemies at once.


Message History

The adder bites you.
* * * LOW HITPOINT WARNING * * *
The sky beast flickers out of sight!
Unknown command.
You hit the adder.
You envenom the adder.
The adder is poisoned.
The adder is moderately wounded.
You constrict the adder. The adder barely misses you. x2
Unknown command.
You release your grip on the adder.
The iguana bites you but does no damage.
The adder closely misses you. The iguana attacks as you move away!
The iguana barely misses you.
You hit the iguana! You grab the iguana.
The iguana is heavily wounded.
You constrict the iguana, but do no damage.
The iguana misses you.
Unknown command.
Casting: Spider Form (quite dangerous; 21% risk of failure)
Confirm with . or Enter, or press ? or * to list all spells.
The spell is quite dangerous to miscast (21% risk of failure)!
Continue anyway?
Okay, then.
Unknown command.
Casting: Spider Form (quite dangerous; 21% risk of failure)
Confirm with . or Enter, or press ? or * to list all spells.
The spell is quite dangerous to miscast (21% risk of failure)!
Continue anyway?
You feel a surge of power!
You miscast Spider Form.
You are very lightly contaminated with residual magic.
Nothing appears to happen.
You constrict the iguana. The iguana bites you.
* * * LOW HITPOINT WARNING * * *
A sky beast appears from thin air!
Reactivating autopickup.
An orc comes into view. It is wielding a +0 flail.
Casting: Spider Form (quite dangerous; 21% risk of failure)
Confirm with . or Enter, or press ? or * to list all spells.
Okay, then.
It was a potion of degeneration.
There was something very wrong with that liquid.
You feel weakened.
You feel dopey.
You feel clumsy.
You constrict the iguana. The iguana bites you!
You die...

..##.# #..#.#######
...#.###........... ..
.#.........#########.#
.##..#####.# ##...#. ....####
#.### ..... ....##.. ..(.#
###....... ###.##.# #.#.# #..
... .# #.##.# #.#.# #.# ... .#
#.##.# #.#.# #@# #.# .# #.##.#
#.#.###l# #.# .#
###.##.###.#...SS###.##.#
..#...........o.Y{†...#.######
#.#..#.#.....#######..........
#.#..>.......# #.#...###..
#............# #......#
#.#..........# #.........
#.#..#####.### ##.....###


You could see a sky beast, an iguana, 2 adders and an orc.

Vanquished Creatures
  A water moccasin (D:6)
  A bullfrog (D:6)
  3 adders (D:2)
  6 gnolls
  2 shadow imps (D:6)
  An ufetubus (D:6)
  2 worms (D:3)
  2 dart slugs
  An orc (D:3)
  4 ball pythons
  An endoplasm (D:1)
  5 giant cockroaches
  5 goblins
  4 hobgoblins
  A quokka (D:1)
  6 bats
  3 frilled lizards
  5 kobolds
  10 rats
63 creatures vanquished.

Notes
Turn   | Place    | Note
-------+----------+-------------------------------------------
     0 | D:1      | Icepheonix32 the Octopode Transmuter began the quest for
                  | the Orb.
     0 | D:1      | Reached XP level 1. HP: 13/13 MP: 3/3
   282 | D:1      | Found a faded altar of an unknown god.
   322 | D:1      | Reached XP level 2. HP: 18/18 MP: 3/5
   891 | D:2      | Reached XP level 3. HP: 23/23 MP: 4/6
  1185 | D:2      | Reached skill level 1 in Stealth
  1185 | D:2      | Reached XP level 4. HP: 25/28 MP: 5/7
  1368 | D:2      | Found Hoenkigy's General Store.
  1505 | D:2      | Learned a level 3 spell: Spider Form
  1509 | D:2      | Learned a level 3 spell: Ignite Poison
  2024 | D:3      | Found Juck's Magic Scroll Shoppe.
  2107 | D:3      | Reached XP level 5. HP: 20/33 MP: 9/9
  2328 | D:3      | Found a glowing silver altar of Zin.
  2335 | D:3      | Found a glowing golden altar of the Shining One.
  2338 | D:3      | Found a shimmering blue altar of Sif Muna.
  2570 | D:3      | Reached skill level 4 in Unarmed Combat
  2636 | D:3      | You fall into a shaft and drop 3 floors!
  2644 | D:6      | Found an iron altar of Okawaru.
  2659 | D:6      | Reached skill level 1 in Poison Magic
  2729 | D:6      | Noticed a water moccasin
  2737 | D:6      | Noticed a sky beast
  2743 | D:6      | Noticed a sky beast
  2747 | D:6      | Reached XP level 6. HP: 11/38 MP: 6/10
  2748 | D:6      | Killed a water moccasin
  2749 | D:6      | Reached skill level 1 in Staves
  2757 | D:6      | Slain by an iguana

Illustrated notes

Levels and vault maps discovered:
D:1:      dpeg_arrival_rhombi, layout_loops_cross,
          shapermc_ecumenical_altar_notcrosses
D:2:      layout_loops_cross, serial_shops, shop, minmay_unequal
D:3:      layout_rooms, nicolae_overflow_hidden_temple, serial_shops, shop,
          ebering_dispersal_statue_hall
D:6:      layout_loops_ring, kennysheep_mini,
          mainiacjoe_overflow_small_starburst, minmay_temple_entry_stoned_glass,
          uniq_sigmund, uniq_crazy_yiuf_cottage

Skill      XL: |  1  2  3  4  5  6 |
---------------+-------------------+-----
Stealth        | 1 2 |  2.3
Unarmed Combat | 4 |  4.0
Poison Magic   | 1 |  1.9
Dodging        | 3 |  3.3
Spellcasting   | 3 |  3.1
Transmutations | 3 |  3.3
Staves         | 1 |  1.0
Fighting       | |  1.6

Action                   |  1- 3 |  4- 6 || total
-------------------------+-------+-------++-------
Melee: Unarmed           |    49 |    26 ||    75
       Tentacles         |    10 |    15 ||    25
       Constrict         |    14 |    28 ||    42
       Kick              |     7 |    21 ||    28
       Punch             |     3 |     2 ||     5
       Staff             |       |    58 ||    58
 Cast: Beastly Appendage |    16 |    25 ||    41
       Spider Form       |       |     1 ||     1
  Use: Potion            |     3 |     5 ||     8
       Scroll            |     2 |     3 ||     5
 Stab: Sleeping          |     5 |     6 ||    11
Armor: Skin              |    29 |    30 ||    59
Dodge: Dodged            |    30 |    66 ||    96
